 Dungeon Crawl Stone Soup version 0.21.1-1-g345015f (webtiles) character file.

329 Kairos the Poker (level 6, -2/47 HPs)
             Began as a Merfolk Skald on Mar 25, 2018.
             Slain by Crazy Yiuf
             ... wielding a +3 quarterstaff of chaos
              (5 damage)
             ... on level 3 of the Dungeon.
             The game lasted 00:08:35 (2829 turns).

Kairos the Poker (Merfolk Skald)                    Turns: 2829, Time: 00:08:36

Health: -2/47      AC: 10    Str: 13    XL:     6   Next: 50%
Magic:  1/9        EV: 12    Int: 12    God:
Gold:   143        SH:  0    Dex: 14    Spells: 6/9 levels left

rFire    + + .     SeeInvis .   a - +0 spear
rCold    x . .     Gourm    .   (no shield)
rNeg     . . .     Faith    .   m - +0 fire dragon scales
rPois    .         Spirit   .   u - +0 helmet
rElec    .         Reflect  .   (no cloak)
rCorr    +         Harm     .   p - +0 pair of gloves
MR       .....                  (no boots)
Stlth    ..........             (no amulet)
HPRegen  0.15/turn              h - ring of resist corrosion
MPRegen  0.11/turn              n - +2 ring of evasion

@: lethally poisoned (-2 -> -9), singing, drained
A: change form in water, swift swim, stealthy swim
a: no special abilities


You were on level 3 of the Dungeon.
You were not hungry.

You visited 1 branch of the dungeon, and saw 3 of its levels.

You collected 143 gold pieces.

Inventory:

Hand Weapons
 a - a +0 spear (weapon)
Armour
 b - a +0 leather armour
 m - +0 fire dragon scales (worn)
 p - a +0 pair of gloves (worn)
 u - a +0 helmet (worn)
Jewellery
 h - a ring of resist corrosion (left hand)
 n - a +2 ring of evasion (right hand)
 t - an uncursed ring of protection from fire {unknown}
Wands
 x - a wand of flame (10)
Scrolls
 f - 3 scrolls of teleportation {unknown}
 g - 2 scrolls of enchant armour {unknown}
 i - 5 scrolls of identify {unknown}
 j - 2 scrolls of immolation {unknown}
 k - 2 scrolls of enchant weapon {unknown}
 l - 3 scrolls of remove curse {unknown}
 o - a scroll of magic mapping {unknown}
 s - a scroll of fog {unknown}
Potions
 e - 2 potions of curing {unknown}
 q - a potion of ambrosia {unknown}
 r - a potion of lignification {unknown}
 w - a potion of might {unknown}
Books
 c - a book of Battle

   Spells                             Type                      Level
   a - Infusion                       Charms                       1
   b - Shroud of Golubria             Charms/Translocation         2
   c - Song of Slaying                Charms                       2
   d - Spectral Weapon                Hexes/Charms                 3
   e - Regeneration                   Charms/Necromancy            3
Comestibles
 d - 9 rations
 v - 3 chunks of flesh


   Skills:
 + Level 3.2(3.0) Fighting
 + Level 6.7(6.4) Polearms
 + Level 2.2(1.9) Armour
 + Level 3.7(3.5) Dodging
 + Level 0.2(0.0) Stealth
 + Level 2.1(1.9) Spellcasting
 + Level 3.9(3.6) Charms


You had 6 spell levels left.
You knew the following spells:

 Your Spells              Type           Power        Failure   Level  Hunger
a - Infusion              Chrm           #...         36%         1    ##.....
b - Song of Slaying       Chrm           #.......     50%         2    ###....


Dungeon Overview and Level Annotations

Branches:
Dungeon (3/15)

Altars:

Annotations:
D:3 Crazy Yiuf


Message History

Crazy Yiuf is moderately wounded.
Crazy Yiuf hits you with a quarterstaff of chaos!
* * * LOW HITPOINT WARNING * * *
You feel your power leaking away.
You closely miss Crazy Yiuf.
Crazy Yiuf is moderately wounded.
You are no longer magically infusing your attacks.
* * * LOW HITPOINT WARNING * * *
You feel sick. Crazy Yiuf barely misses you.
You hit Crazy Yiuf but do no damage.
Crazy Yiuf is moderately wounded.
* * * LOW HITPOINT WARNING * * *
You feel sick.
Unknown command.
Aiming: Throw Flame
Press: ? - help, Shift-Dir - straight line, f - Crazy Yiuf
Aim: Crazy Yiuf, wielding a quarterstaff of chaos and wearing an embroidered cloak (moderately wounded)
The puff of flame misses Crazy Yiuf.
Crazy Yiuf hits you with a quarterstaff of chaos.
You die...

#.#.# # #.#.# # #.#.#
# ##### ########
.......#######
#######.#..#)### ####
............#.)##...#
##.........####.@g..#
........#.## ###.))#
##...###### ####
.....# ####.###
.......# ########


You could see Crazy Yiuf.

Vanquished Creatures
  Sigmund (D:3)
  Terence (D:3)
  A worker ant (D:3)
  5 gnolls
  An adder (D:2)
  2 dart slugs (D:2)
  2 leopard geckos
  4 orcs
  2 bats (D:2)
  3 giant cockroaches
  9 hobgoblins
  2 jackals (D:2)
  2 quokkas (D:2)
  8 frilled lizards
  7 goblins
  9 kobolds
  9 rats
68 creatures vanquished.

Notes
Turn   | Place    | Note
-------+----------+-------------------------------------------
     0 | D:1      | Kairos the Merfolk Skald began the quest for the Orb.
     0 | D:1      | Reached XP level 1. HP: 16/16 MP: 3/3
   496 | D:1      | Reached XP level 2. HP: 22/23 MP: 5/5
   873 | D:2      | Reached XP level 3. HP: 25/28 MP: 6/6
   888 | D:2      | Reached skill level 4 in Polearms
  1214 | D:2      | Reached skill level 1 in Armour
  1214 | D:2      | Reached XP level 4. HP: 19/34 MP: 7/7
  1670 | D:2      | Reached skill level 5 in Polearms
  1886 | D:3      | Noticed Sigmund
  2404 | D:3      | Killed Sigmund
  2404 | D:3      | Reached skill level 6 in Polearms
  2404 | D:3      | Reached XP level 5. HP: 37/41 MP: 0/8
  2404 | D:3      | Reached XP level 6. HP: 42/47 MP: 0/9
  2724 | D:3      | Noticed Terence
  2743 | D:3      | Killed Terence
  2806 | D:3      | Found a runed door.
  2814 | D:3      | Learned a level 2 spell: Song of Slaying
  2815 | D:3      | Noticed Crazy Yiuf
  2829 | D:3      | Slain by Crazy Yiuf

Skill      XL: |  1  2  3  4 |
---------------+-------------+-----
Dodging        | 3 |  3.7
Polearms       | 4 6 |  6.7
Armour         | 1 2 |  2.2
Fighting       | 3 |  3.2
Stealth        | |  0.2
Spellcasting   | |  2.1
Charms         | |  3.9

Action                   |  1- 3 |  4- 6 || total
-------------------------+-------+-------++-------
Melee: Spear             |   165 |   191 ||   356
 Cast: Infusion          |       |     5 ||     5
       Song of Slaying   |       |     1 ||     1
Evoke: Wand              |       |     1 ||     1
  Eat: Chunk             |     1 |     6 ||     7
Armor: Leather armour    |     7 |       ||     7
       Fire dragon scale |    37 |    50 ||    87
Dodge: Dodged            |    73 |    76 ||   149
